 Dungeon Crawl Stone Soup version 0.13-a0-2557-g7ea0453 (webtiles) character file.

279 Psiweapon the Chucker (level 5, -6/53 HPs)
             Began as an Ogre Hunter on July 28, 2013.
             Mangled by foonesh's ghost (10 damage)
             ... on Level 3 of the Dungeon on July 29, 2013.
             The game lasted 00:16:23 (3111 turns).

Psiweapon the Chucker (Ogre Hunter)                 Turns: 3111, Time: 00:16:23

HP  -6/53        AC  4     Str 16      XL: 5   Next: 66%
MP   4/4         EV 10     Int 10      God:
Gold 93          SH  0     Dex 10      Spells:  0 memorised,  4 levels left

Res.Fire  : . . .   See Invis. : .   H - -1,+0 orc flail (curse)
Res.Cold  : . . .   Warding    : .   d - +0 animal skin
Life Prot.: . . .   Conserve   : .   (shield restricted)
Res.Poison: +       Res.Corr.  : .   (helmet restricted)
Res.Elec. : .       Clarity    : .   p - +0 cloak (curse)
Sust.Abil.: . .     Spirit.Shd : .   (gloves unavailable)
Res.Mut.  : .       Stasis     : .   (boots unavailable)
Res.Rott. : .       Flight     : .   (no amulet)
Saprovore : + . .                    (no ring)
                                     x - ring of poison resistance

@: slightly resistant to hostile enchantments, unstealthy
A: unfitting armour, fast metabolism 1, saprovore 1, tough skin 1, Str -2
a: no special abilities


You were on level 3 of the Dungeon.
You were not hungry.

You visited 1 branch of the dungeon, and saw 3 of its levels.

You collected 73 gold pieces.

Inventory:

Hand weapons
 a - a +1,+1 club {=f}
 e - a +0,+0 mace
 q - a +0,+1 orcish trident
 r - a -1,+1 orcish flail
 H - a cursed -1,+0 orcish flail (weapon)
Missiles
 c - 2 throwing nets (quivered)
 g - 23 poisoned needles
 h - 38 stones
 j - 57 sling bullets
 C - 3 poisoned darts
Armour
 d - a +0 animal skin (worn)
 m - a +0 cloak
 o - a +0 cloak
 p - a cursed +0 cloak (worn)
Comestibles
 f - 2 meat rations
 i - an apple
 w - 4 bread rations
 I - a chunk of hobgoblin flesh
Scrolls
 k - a scroll of blinking {unknown}
 l - 2 scrolls of identify {unknown}
 s - a scroll of enchant weapon I {unknown}
 t - 2 scrolls of remove curse {unknown}
 v - a scroll of noise {unknown}
 y - a scroll of enchant weapon II {unknown}
 z - 3 scrolls of curse jewellery {unknown}
 F - a scroll of magic mapping {unknown}
Jewellery
 n - an uncursed amulet of warding {unknown}
 x - a ring of poison resistance (left hand)


   Skills:
 + Level 4.9 Fighting
 + Level 4.2 Maces & Flails
 - Level 5.2 Throwing
 - Level 2.0 Dodging
 - Level 1.0 Stealth


You had 4 spell levels left.
You didn't know any spells.

Dungeon Overview and Level Annotations

Branches:
Dungeon (3/27)

Altars:
Vehumet

Annotations
D:3 foonesh's ghost, experienced GrTm


Innate Abilities, Weirdness & Mutations

You are too large for most types of armour.
You have a fast metabolism.
You can tolerate rotten meat.
You have tough skin (AC +1).
You are clumsy (Dex -1).
Your muscles are flexible, but weak (Str -1, Dex +1).
You are weak (Str -1).


Message History

Foonesh's ghost hits you.
You hit foonesh's ghost but do no damage.
Foonesh's ghost is moderately damaged.
Foonesh's ghost barely misses you.
Throwing (i - inventory. (,) - cycle):
b - a large rock (quivered)
Press: ? - help, Shift-Dir - straight line, f/p - foonesh's ghost
Aim: foonesh's ghost (moderately damaged)
You throw a large rock. The large rock misses foonesh's ghost.
Foonesh's ghost hits you!
* * * LOW HITPOINT WARNING * * *
Drink which item? (? for menu, Esc to quit)
You feel extremely strange.
Your muscles feel loose.
You feel clumsy.
You feel weaker.
It was a potion of mutation.
Foonesh's ghost hits you.
* * * LOW HITPOINT WARNING * * *
Drink which item? (? for menu, Esc to quit)
You feel slightly nauseous.
You are wearing:
x - a ring of poison resistance (left hand) It was a potion of poison.
Foonesh's ghost hits you!
You die...

.#........ . #.)..... .##.#....
.... #........ )<#..... ....#
#........... ..#.... ...#
#p.......... #.#... ...#
#......[...# ..#.. ...
#..........+ ###.# #.#
#.......(..#
###.########.#########...........
................@p((((...........
############.#########..........#
# #.# ##.......... # #.#
#.########z #
###'##########.#......#.
##########...........##.#[##.#.#.
.[.......'...........'..#.##.#.#.
##########...........#..#.##.#)#.
...# ##########'##..#.##.#.#o


You could see foonesh's ghost.

Vanquished Creatures
  A troll skeleton (D:3)
  An orc wizard (D:3)
  5 adders
  A giant mite (D:3)
  6 orcs (D:3)
  5 hobgoblins
  3 jackals (D:2)
  2 quokkas (D:3)
  4 bats
  2 giant cockroaches
  3 giant newts
  11 goblins
  A hobgoblin zombie (D:3)
  8 kobolds
  12 rats
65 creatures vanquished.

Notes
Turn   | Place    | Note
--------------------------------------------------------------
     0 | D:1      | Psiweapon, the Ogre Hunter, began the quest for the Orb.
     0 | D:1      | Reached XP level 1. HP: 20/20 MP: 0/0
   185 | D:1      | Reached skill level 1 in Stealth
   466 | D:1      | Upgraded the game from 0.13-a0-2538-gc238810 to 0.13-a0-2557-g7ea0453
   517 | D:1      | Reached XP level 2. HP: 18/28 MP: 1/1
  1024 | D:1      | Reached XP level 3. HP: 18/36 MP: 2/2
  1313 | D:3      | Noticed foonesh's ghost (experienced GrTm)
  1763 | D:2      | Reached XP level 4. HP: 22/44 MP: 3/3
  2099 | D:3      | Reached skill level 5 in Throwing
  2219 | D:3      | Reached XP level 5. HP: 33/52 MP: 4/4
  2918 | D:3      | Found a radiant altar of Vehumet.
  3110 | D:3      | Gained mutation: Your muscles are flexible, but weak (Str -1, Dex +1). [potion of mutation]
  3110 | D:3      | Gained mutation: You are clumsy (Dex -1). [potion of mutation]
  3110 | D:3      | Gained mutation: You are weak (Str -1). [potion of mutation]
  3111 | D:3      | Mangled by foonesh's ghost

Action                   |  1- 3 |  4- 6 || total
-------------------------+-------+-------++-------
Melee: Mace              |    85 |    72 ||   157
       Club              |     4 |       ||     4
       Flail             |       |    19 ||    19
Throw: Dagger            |    25 |     9 ||    34
       Large rock        |     4 |    18 ||    22
       Stone             |     6 |     1 ||     7
       Dart              |     3 |       ||     3
  Use: Potion            |     2 |     5 ||     7
